 Dungeon Crawl Stone Soup version 0.24-a0-422-g9eff3895ba (webtiles) character file.

Game seed: 6130874874108823594

4302 Gumption the Grappler (level 10, -2/96 HPs)
             Began as a Troll Fighter on June 12, 2019.
             Was a Believer of Qazlal.
             Slain by an 11-headed hydra (6 damage)
             ... on level 9 of the Dungeon.
             The game lasted 00:30:22 (6237 turns).

Gumption the Grappler (Troll Fighter)               Turns: 6237, Time: 00:30:23

Health: -2/96      AC:  6    Str: 26    XL:     10   Next: 11%
Magic:  10/10      EV: 11    Int:  7    God:    Qazlal [**....]
Gold:   621        SH: 15    Dex: 12    Spells: 9/9 levels left

rFire    . . .     SeeInvis .     - Unarmed
rCold    . . .     Gourm    +   b - +1 shield
rNeg     . . .     Faith    .   a - +0 robe
rPois    .         Spirit   .   (helmet restricted)
rElec    .         Reflect  .   (no cloak)
rCorr    .         Harm     .   (gloves unavailable)
MR       +....                  (boots unavailable)
Stlth    +.........             (no amulet)
HPRegen  0.66/turn              d - ring of protection from magic
MPRegen  0.12/turn              w - +3 ring of intelligence

@: hasted, very quick
A: large, unfitting armour, claws 3, fast metabolism 3, gourmand, regeneration
1, shaggy fur 1, tough skin 3
a: Upheaval, Renounce Religion


You were on level 9 of the Dungeon.
You worshipped Qazlal.
Qazlal was pleased with you.
You were completely stuffed.

You visited 2 branches of the dungeon, and saw 10 of its levels.

You collected 621 gold pieces.

Inventory:

Missiles
 f - 324 stones
 v - 3 boomerangs (quivered)
 A - 17 poisoned darts
 B - 4 javelins
 H - 6 large rocks
Armour
 a - a +0 robe (worn)
 b - a +1 shield (worn)
Jewellery
 d - a ring of protection from magic (left claw)
 g - an uncursed ring of flight
 w - a +3 ring of intelligence (right claw)
Wands
 r - a wand of acid (11)
 x - a wand of enslavement (25)
 E - a wand of polymorph (7)
Scrolls
 j - 2 scrolls of identify
 k - 4 scrolls of enchant armour
 l - 4 scrolls of remove curse
 p - 4 scrolls of teleportation
 t - 2 scrolls of enchant weapon
 u - 2 scrolls of fear
 y - a scroll of immolation
 z - a scroll of blinking
 F - 2 scrolls of amnesia {unknown}
Potions
 c - a potion of might
 h - 4 potions of brilliance
 i - a potion of mutation
 m - 9 potions of curing
 n - 2 potions of heal wounds
 o - 2 potions of flight
 q - a potion of resistance
 s - 2 potions of haste
 C - 2 potions of agility
 D - a potion of invisibility
Comestibles
 e - 20 rations


   Skills:
 + Level 5.2 Fighting
 + Level 4.0 Throwing
 + Level 5.2 Dodging
 * Level 7.1 Shields
 * Level 8.2 Unarmed Combat
 * Level 2.0 Invocations


You had 9 spell levels left.
You didn't know any spells.
Your spell library was empty.

Dungeon Overview and Level Annotations

Branches:
Dungeon (9/15)             Temple (1/1) D:6
   Lair: D:8-11         Orc: D:9-12

Altars:
Ashenzari
Cheibriados
Dithmenos
Elyvilon
Fedhas
Gozag
Hepliaklqana
Kikubaaqudgha
Makhleb
Nemelex Xobeh
Okawaru
Qazlal
Ru
Sif Muna
Trog
Uskayaw
Vehumet
Wu Jian
Xom
Yredelemnul
Zin
The Shining One


Innate Abilities, Weirdness & Mutations

You are too large for most types of armour.
You have claws for hands.
Your metabolism is lightning-fast.
You like to eat raw meat.
Your natural rate of healing is unusually fast.
You are covered in fur. (AC +1)
You have extremely tough skin. (AC +3)


Message History

The ten-headed hydra bites you! The ten-headed hydra bites you.
* * * LOW HITPOINT WARNING * * *
You block the ten-headed hydra's attack.
The ten-headed hydra bites you!
* * * LOW HITPOINT WARNING * * *
The ten-headed hydra bites you.
* * * LOW HITPOINT WARNING * * *
The ten-headed hydra barely misses you.
The ten-headed hydra bites you but does no damage.
The ten-headed hydra bites you.
* * * LOW HITPOINT WARNING * * *
You block the ten-headed hydra's attack.
The ten-headed hydra barely misses you.
You claw one of the ten-headed hydra's heads off!
The nine-headed hydra grows two more!
You claw the 11-headed hydra!
The 11-headed hydra is severely wounded.
You feel yourself speed up. The 11-headed hydra bites you.
* * * LOW HITPOINT WARNING * * *
You block the 11-headed hydra's attack. x2; The 11-headed hydra bites you.
You die...

#.# #.# #.#
#.# #.# #.#
#.# #.# #@#
#########D#
........#.#
....$...#.#
..........#
........###
........)
.........#
.......?.#


You could see a 11-headed hydra.

Vanquished Creatures
  An unseen horror (D:9)
  A yak (D:7)
  3 hogs (D:7)
  A hungry ghost (D:7)
  A human (D:7)
  Edmund (D:6)
  2 sky beasts (D:5)
  3 orc warriors
  A black bear (D:9)
  An ice beast (D:7)
  A necrophage (D:6)
  2 phantoms
  An ogre (D:9)
  4 centaurs
  2 crocodiles
  4 bullfrogs
  2 scorpions
  3 electric eels (D:9)
  A wight (D:7)
  A howler monkey (D:4)
  A crimson imp (D:7)
  2 hounds
  5 orc priests
  8 orc wizards
  2 jellies
  A killer bee zombie (D:5)
  A hound skeleton (D:4)
  A worker ant zombie (D:5)
  3 gnolls (D:5)
  6 adders
  A shadow imp (D:9)
  3 oozes
  An adder zombie (D:6)
  An adder skeleton (D:5)
  5 worms
  3 dart slugs
  3 leopard geckos
  36 orcs
  5 giant cockroaches
  7 goblins
  7 hobgoblins
  6 jackals
  8 kobolds
  6 quokkas
  A ball python (D:4)
  7 bats
  11 frilled lizards
  7 rats
  A spectral orc (D:6)
185 creatures vanquished.

Vanquished Creatures (others)
  An orc wizard (D:7)
1 creature vanquished.

Grand Total: 186 creatures vanquished

Notes
Turn   | Place    | Note
-------+----------+-------------------------------------------
     0 | D:1      | Gumption the Troll Fighter began the quest for the Orb.
     0 | D:1      | Reached XP level 1. HP: 22/22 MP: 0/0
   204 | D:1      | Reached XP level 2. HP: 29/29 MP: 1/1
   812 | D:2      | Reached XP level 3. HP: 32/36 MP: 2/2
  1118 | D:2      | Reached skill level 3 in Unarmed Combat
  1120 | D:2      | Reached XP level 4. HP: 37/44 MP: 3/3
  1154 | D:2      | Found a shimmering altar of Xom.
  1346 | D:2      | Found a shimmering altar of Xom.
  1347 | D:2      | Found a shimmering altar of Xom.
  1348 | D:2      | Found a shimmering altar of Xom.
  1348 | D:2      | Found a shimmering altar of Xom.
  1352 | D:2      | Found a shimmering altar of Xom.
  1665 | D:3      | Reached XP level 5. HP: 27/52 MP: 4/4
  1799 | D:3      | Found a burning altar of Makhleb.
  2288 | D:4      | Noticed a phantom
  2320 | D:4      | Killed a phantom
  2320 | D:4      | Reached skill level 4 in Unarmed Combat
  2320 | D:4      | Reached XP level 6. HP: 53/61 MP: 5/5
  2443 | D:4      | Noticed a +0 dagger
  2443 | D:4      | Noticed a +0 dagger
  2458 | D:4      | Found a hide-covered altar of Uskayaw.
  2734 | D:4      | Found a stormy altar of Qazlal.
  2787 | D:4      | Became a worshipper of Qazlal Stormbringer
  2811 | D:5      | Entered Level 5 of the Dungeon
  2956 | D:5      | Noticed a sky beast
  2964 | D:5      | Killed a sky beast
  2964 | D:5      | Reached XP level 7. HP: 67/67 MP: 6/6
  3035 | D:5      | Reached skill level 5 in Unarmed Combat
  3178 | D:5      | Reached * piety under Qazlal
  3472 | D:6      | Reached skill level 1 in Throwing
  3472 | D:6      | Reached skill level 5 in Shields
  3515 | D:6      | Reached XP level 8. HP: 47/78 MP: 7/7
  3661 | D:6      | Noticed Edmund
  3669 | D:6      | Killed Edmund
  3710 | D:6      | Found a staircase to the Ecumenical Temple.
  3723 | Temple   | Entered the Ecumenical Temple
  3996 | D:6      | Reached skill level 6 in Unarmed Combat
  4221 | D:6      | Found a basalt altar of Yredelemnul.
  4283 | D:6      | Found a glowing silver altar of Zin.
  4283 | D:6      | Noticed an angel
  4534 | D:7      | Reached ** piety under Qazlal
  4574 | D:7      | Reached XP level 9. HP: 85/85 MP: 8/8
  4582 | D:7      | Reached skill level 7 in Unarmed Combat
  5193 | D:8      | Found a hide-covered altar of Uskayaw.
  5359 | D:8      | Reached skill level 5 in Fighting
  5844 | D:8      | Reached skill level 5 in Dodging
  6078 | D:9      | Killed an unseen horror
  6078 | D:9      | Reached skill level 8 in Unarmed Combat
  6078 | D:9      | Reached skill level 1 in Invocations
  6078 | D:9      | Reached XP level 10. HP: 52/96 MP: 8/10
  6223 | D:9      | Noticed an eight-headed hydra
  6237 | D:9      | HP: 4/96 [11-headed hydra (4)]
  6237 | D:9      | Slain by an 11-headed hydra

Levels and vault maps discovered:
D:1:      dpeg_arrival_arbitrary_a, layout_basic, dk_noncrumbling_2,
          serial_bayou_pond_c
D:2:      layout_loops_ring, xom_redecorated, minmay_heptomino_l4
D:3:      minmay_evil_eye, layout_loops_ring, lemuel_round_altar,
          chequers_jeans, chequers_decorated_corner
D:4:      layout_cave_pools, dancing_weapons_uskayaw, lemuel_doored_altar
D:5:      layout_basic, first_ration
D:6:      layout_loops_ring, zin_angel, yredelemnul_forgotten_temple_becter,
          minmay_temple_entry_statues_fountains, uniq_edmund
D:7:      layout_rooms, grunt_livestock, st_stairs_7
D:8:      minmay_goldmine, layout_basic, basic_altar,
          chequers_serial_rivers_micro_d
D:9:      cheibrodos_ideogram_h, layout_basic, uniq_psyche, uniq_prince_ribbit1
Temple:   regret_index_temple_sphere_string

Skill      XL: |  1  2  3  4  5  6  7  8  9 10 |
---------------+-------------------------------+-----
Shields        | 3 4 5 6 7 |  7.1
Unarmed Combat | 3 4 5 6 8 |  8.2
Dodging        | 3 4 5 |  5.2
Fighting       | 3 4 5 |  5.2
Throwing       | 1 2 3 4 |  4.0
Invocations    | 1 2 |  2.0

Action                   |  1- 3 |  4- 6 |  7- 9 | 10-12 || total
-------------------------+-------+-------+-------+-------++-------
Melee: Unarmed           |   110 |   175 |   309 |    37 ||   631
Throw: Stone             |    51 |       |       |       ||    51
       Boomerang         |       |    10 |    26 |       ||    36
Evoke: Wand              |       |       |       |     2 ||     2
  Use: Scroll            |       |    10 |     9 |       ||    19
       Potion            |       |       |     1 |     1 ||     2
 Stab: Sleeping          |       |     2 |       |       ||     2
       Distracted        |       |     1 |       |       ||     1
  Eat: Chunk             |    16 |    16 |    34 |     2 ||    68
       Ration            |       |       |     1 |       ||     1
Armor: Robe              |    39 |    46 |    42 |     3 ||   130
Dodge: Dodged            |    48 |    57 |    63 |    10 ||   178
Block: Shield            |    51 |    65 |   143 |    28 ||   287

Table legend:
 A = Non-vault XP
 B = Vault XP
 C = Vault XP percentage of total XP
 D = Non-vault monster count
 E = Vault monster count
 F = Vault count percentage of total count
                 A         B        C        D         E       F
            +---------+---------+-------+---------+---------+-------
      Total |    4581 |    1566 |  25.5 |     159 |      27 |  14.5
            +---------+---------+-------+---------+---------+-------
        D:1 |      23 |       0 |   0.0 |      12 |       0 |   0.0
        D:2 |      84 |       4 |   4.5 |      24 |       4 |  14.3
        D:3 |     161 |      12 |   6.9 |      33 |       4 |  10.8
        D:4 |     336 |       0 |   0.0 |      19 |       0 |   0.0
        D:5 |     596 |       0 |   0.0 |      26 |       0 |   0.0
        D:6 |     612 |     172 |  21.9 |       8 |       2 |  20.0
        D:7 |     830 |    1045 |  55.7 |      19 |       6 |  24.0
        D:8 |     398 |     333 |  45.6 |       5 |      11 |  68.8
        D:9 |    1541 |       0 |   0.0 |      13 |       0 |   0.0
            +---------+---------+-------+---------+---------+-------
